 Dungeon Crawl Stone Soup version 0.24.0-13-gcf9b319 (webtiles) character file.

Game seed: 7528901842404985167, levelgen mode: deterministic

24 Bronimir the Grave Robber (level 2, -1/22 HPs)
             Began as a Deep Dwarf Necromancer on Apr 10, 2020.
             Slain by a goblin (3 damage)
             ... on level 1 of the Dungeon.
             The game lasted 00:01:56 (528 turns).

Bronimir the Grave Robber (Deep Dwarf Necromancer)   Turns: 528, Time: 00:01:56

Health: -1/22      AC:  2    Str: 11    XL:     2   Next: 79%
Magic:  0/5        EV: 12    Int: 15    God:
Gold:   5          SH:  0    Dex: 13    Spells: 3/5 levels left

rFire    . . .     SeeInvis .   a - +0 hand axe
rCold    . . .     Gourm    .   (no shield)
rNeg     . . .     Faith    .   k - +0 robe
rPois    .         Spirit   .   (no helmet)
rElec    .         Reflect  .   (no cloak)
rCorr    .         Harm     .   (no gloves)
MR       .....                  (no boots)
Stlth    ++........             (no amulet)
HPRegen  0.00/turn              (no ring)
MPRegen  0.09/turn              (no ring)

@: non-regenerating
A: damage resistance, heal wounds, sense surroundings 1, no regeneration
a: Heal Wounds


You were on level 1 of the Dungeon.
You were not hungry.

You visited 1 branch of the dungeon, and saw 1 of its levels.

You collected 5 gold pieces.

Inventory:

Hand Weapons
 a - a +0 hand axe (weapon)
 b - a +0 dagger
Missiles
 d - 25 arrows
 g - 12 poisoned darts (quivered)
 i - 3 stones
 l - 12 bolts
Armour
 k - a +0 robe (worn)
Jewellery
 f - an uncursed ring of magical power {unknown}
Scrolls
 h - a scroll of immolation {unknown}
Potions
 e - a potion of cancellation {unknown}
 j - a potion of brilliance {unknown}
Comestibles
 c - a ration


   Skills:
 * Level 0.1 Fighting
 * Level 0.7 Armour
 + Level 2.2 Dodging
 - Level 2.4 Stealth
 * Level 2.0 Spellcasting
 * Level 5.0 Necromancy


You had 3 spell levels left.
You knew the following spells:

 Your Spells              Type           Power        Failure   Level  Hunger
a - Pain                  Necr           ###.         2%          1    #......
b - Animate Skeleton      Necr           N/A          2%          1    #......

Your spell library contained the following spells:

 Spells                   Type           Power        Failure   Level  Hunger
 Vampiric Draining        Necr           ###.......   9%          3    ###....
 Animate Dead             Necr           N/A          28%         4    #####..
 Regeneration             Chrm/Necr      Unusable     N/A         3    N/A

Dungeon Overview and Level Annotations

Branches:
Dungeon (1/15)

Altars:


Innate Abilities, Weirdness & Mutations

You are resistant to damage.
You can heal yourself by infusing magical energy.
You passively map a small area around you.
You do not regenerate.


Message History

The hobgoblin writhes in agony.
The hobgoblin hits you.
* * * LOW HITPOINT WARNING * * *
Casting: Pain (safe; 3% risk of failure)
Confirm with . or Enter, or press ? or * to list all spells.
Aiming: Pain (safe; 3% risk of failure)
Press: ? - help, Shift-Dir - straight line, f/p - hobgoblin
Aim: a hobgoblin (almost dead, chance to defeat MR: 87%)
The hobgoblin writhes in agony.
You kill the hobgoblin!
Your Necromancy skill increases to level 5!
The goblin closely misses you.
Found 27 stones.
Found 23 sling bullets.
Casting: Pain (safe; 2% risk of failure)
Confirm with . or Enter, or press ? or * to list all spells.
Aiming: Pain (safe; 2% risk of failure)
Press: ? - help, Shift-Dir - straight line, f - goblin
Aim: a goblin (chance to defeat MR: 87%)
The goblin writhes in agony.
The goblin hits you.
You die...

** ####.. . #.. ..
..# .. , ......#. .
#..###.. ,..##.# ,
........ (.#....#.
#.... .. ......#
.......* #.(. ...
....... ,.....,,
,... #.#* ####..
#.####..#, #.#**
#.# ##...
#...(..†#######.#
###.## ##...# **
*#.........g@#
#....###...##
#..##########
#.....#...## #..###
#........##
######....#######>
#.......)####
)...............#
*#.<..........
#########.#####.#
#.........###
#.).....#
#.#################
#.####### #......##
#....... ######..#
#.#####.


You could see a goblin.

Vanquished Creatures
  A dart slug (D:1)
  A ball python (D:1)
  2 bats (D:1)
  A giant cockroach (D:1)
  4 goblins (D:1)
  2 hobgoblins (D:1)
  3 jackals (D:1)
  2 kobolds (D:1)
  2 frilled lizards (D:1)
  A rat (D:1)
19 creatures vanquished.

Notes
Turn   | Place    | Note
-------+----------+-------------------------------------------
     0 | D:1      | Bronimir the Deep Dwarf Necromancer began the quest for the
                  | Orb.
     0 | D:1      | Reached XP level 1. HP: 15/15 MP: 3/3
   127 | D:1      | Reached XP level 2. HP: 5/22 MP: 1/4
   195 | D:1      | Learned a level 1 spell: Animate Skeleton
   519 | D:1      | Reached skill level 5 in Necromancy
   528 | D:1      | Slain by a goblin

Levels and vault maps discovered:
D:1:      elethiomel_arrival_shortcut, layout_basic, minmay_pentomino_w4

Skill      XL: |  1  2 |
---------------+-------+-----
Spellcasting   | 2 |  2.0
Necromancy     | 5 |  5.0
Fighting       | |  0.1
Armour         | |  0.7
Dodging        | |  2.2
Stealth        | |  2.4

Action                   || total
-------------------------++-------
Melee: Dagger            ||    31
Throw: Dart              ||     3
 Cast: Pain              ||    24
       Animate Skeleton  ||     1
Armor: Robe              ||     4
Dodge: Dodged            ||    31
